 Dungeon Crawl Stone Soup version 0.29.1-15-g9cfb28693d (webtiles) character file.

Game seed: 13063218929872973417

66 Frigobar the Covered (level 3, -2/33 HPs)
             Began as a Minotaur Fighter on Mar 21, 2023.
             Was a Follower of Kikubaaqudgha.
             Slain by a gnoll
             ... wielding a +0 halberd
              (3 damage)
             ... on level 2 of the Dungeon.
             The game lasted 00:14:17 (511 turns).

Frigobar the Covered (Minotaur Fighter)              Turns: 511, Time: 00:14:18

Health: -2/33      AC:  7    Str: 22    XL:     3   Next: 96%
Magic:  2/2        EV:  9    Int:  5    God:    Kikubaaqudgha [*.....]
Gold:   0          SH:  4    Dex:  9    Spells: 2/2 levels left

rFire   . . .      SeeInvis .   a - +0 trident
rCold   . . .      Faith    .   c - +0 buckler
rNeg    . . .      Spirit   .   b - +0 scale mail
rPois   .          Reflect  .   (helmet restricted)
rElec   .          Harm     .   (no cloak)
rCorr   .          Rampage  .   (no gloves)
Will    .....                   (no boots)
Stlth   ..........              (no amulet)
HPRegen 0.11/turn               (no ring)
MPRegen 0.08/turn               (no ring)

@: mighty
A: horns 2, retaliatory headbutt
a: Renounce Religion, Unearth Wretches


You were on level 2 of the Dungeon.
You worshipped Kikubaaqudgha.
Kikubaaqudgha was aware of your devotion.
You visited 1 branch of the dungeon, and saw 2 of its levels.

Inventory:

Hand Weapons
 a - a +0 trident (weapon)
 j - a +0 short sword
Armour
 b - a +0 scale mail (worn)
 c - a +0 buckler (worn)
 e - a +0 scale mail
Scrolls
 g - a scroll of teleportation {unknown}
Potions
 h - a potion of attraction {unknown}
 i - 2 potions of magic {unknown}


   Skills:
 + Level 4.3 Fighting
 + Level 3.1 Polearms
 + Level 4.5 Armour
 + Level 4.1 Shields


You had 2 spell levels left.
You didn't know any spells.
Your spell library contained the following spells:

 Spells                   Type           Power      Damage    Failure   Level
 Necrotise                Necr           0%         1d4       87%         1
 Sublimation of Blood     Necr           0%         N/A       95%         2
 Anguish                  Hex/Necr       0%         N/A       100%        4
 Animate Dead             Necr           0%         N/A       100%        4


Dungeon Overview and Level Annotations

Branches:
Dungeon (2/15)

Altars:
Kikubaaqudgha


Innate Abilities, Weirdness & Mutations

You have a pair of horns on your head.
You reflexively headbutt those who attack you in melee.


Message History

You see here an adder corpse.
A gnoll comes into view. It is wielding a +0 whip.
The gnoll shouts!
A gnoll comes into view. It is wielding a +0 halberd.
The gnoll shouts!
You hear a shout!
A gnoll comes into view. It is wielding a +0 spear.
The gnoll shouts!
You hear a shout!
The gnoll hits you with a +0 whip.
You puncture the gnoll!
The gnoll is heavily wounded.
The gnoll completely misses you. You furiously retaliate!
You headbutt the gnoll!
You kill the gnoll!
Kikubaaqudgha accepts your kill.
A gnoll comes into view. It is wielding a +0 halberd.
The gnoll hits you but does no damage.
The gnoll hits you from afar with a +0 spear!
The gnoll hits you with a +0 halberd.
You see here a +0 whip.
You hit the gnoll.
The gnoll is moderately wounded.
The gnoll hits you from afar with a +0 spear.
The gnoll hits you with a +0 halberd. The gnoll hits you but does no damage.
The gnoll hits you with a +0 halberd.
* * * LOW HITPOINT WARNING * * *
You block the gnoll's attack.
You feel very mighty all of a sudden. The gnoll hits you but does no damage.
The gnoll barely misses you.
The gnoll hits you from afar with a +0 spear.
* * * LOW HITPOINT WARNING * * *
You impale the gnoll!!
You kill the gnoll!
Kikubaaqudgha accepts your kill. The gnoll barely misses you.
The gnoll hits you with a +0 spear.
* * * LOW HITPOINT WARNING * * *
The gnoll hits you from afar with a +0 halberd.
You die...
Kikubaaqudgha rasps: "You have failed me!
Welcome... death!"

#......#.†.....#
######.##....###
#.##.##.#
##.#.#.## #...#
. ##.## ...##
#.#
#....######.#
#gg@....#
#.####### #. .#
##


You could see 2 gnolls.

Vanquished Creatures
  2 gnolls (D:2)
  4 adders (D:2)
  An endoplasm (D:1)
  A giant cockroach (D:1)
  A hobgoblin (D:2)
  2 kobolds (D:1)
  3 frilled lizards
14 creatures vanquished.

Notes
Turn   | Place    | Note
-------+----------+-------------------------------------------
     0 | D:1      | Frigobar the Minotaur Fighter began the quest for the Orb.
     0 | D:1      | Reached XP level 1. HP: 19/19 MP: 0/0
   166 | D:1      | Found a faded altar of an unknown god.
   175 | D:1      | Prayed at the altar of an unknown god.
   175 | D:1      | Became a worshipper of Kikubaaqudgha
   175 | D:1      | Reached * piety under Kikubaaqudgha
   175 | D:1      | Received a gift from Kikubaaqudgha
   257 | D:2      | Reached XP level 2. HP: 27/27 MP: 1/1
   281 | D:2      | Reached XP level 3. HP: 33/33 MP: 2/2
   511 | D:2      | HP: 1/33 [gnoll/+0 spear (4)]
   511 | D:2      | Slain by a gnoll

Illustrated notes

Levels and vault maps discovered:
D:1:      lemuel_arrival_cross, layout_basic, shapermc_ecumenical_altar_pompeii,
          serial_shops, shop
D:2:      layout_loops_cross

Skill      XL: |  1  2  3 |
---------------+----------+-----
Armour         | 4 |  4.5
Fighting       | 4 |  4.3
Shields        | 4 |  4.1
Polearms       | 3 |  3.1

Action                   || total
-------------------------++-------
Melee: Trident           ||    48
       Headbutt          ||     3
  Use: Potion            ||     2
Armor: Scale mail        ||    15
       Skin              ||    24
Dodge: Dodged            ||    17
Block: Buckler           ||     7
